 Dungeon Crawl Stone Soup version 0.30-a0-121-gb27577e5d9 (webtiles) character file.

Game seed: 2176907040587840834

55 NinjaNoafa the Cudgeller (level 4, -5/40 HPs)
             Began as a Meteoran Monk on Sept 14, 2022.
             Slain by a gnoll
             ... wielding a +0 whip
              (7 damage)
             ... on level 2 of the Dungeon.
             The game lasted 00:03:02 (977 turns).

NinjaNoafa the Cudgeller (Meteoran Monk)             Turns: 977, Time: 00:03:02

Health: -5/40      AC:  8    Str: 14    XL:     4   Next: 36%
Magic:  5/5        EV:  7    Int: 11    God:
Gold:   88         SH:  0    Dex: 17    Spells: 3/3 levels left

rFire   . . .      SeeInvis .    a - +0 mace
rCold   . . .      Faith    .    (no shield)
rNeg    . . .      Spirit   .    h - +0 chain mail
rPois   .          Reflect  .    (no helmet)
rElec   .          Harm     .    (no cloak)
rCorr   .          Rampage  .    (no gloves)
Will    .....                    (no boots)
Stlth   ..........               (no amulet)
HPRegen 0.13/turn                (no ring)
MPRegen 0.09/turn                (no ring)

@: hasted, glowing, very quick
A: sense surroundings 1, otherworldly, glowing, explore regen, deterioration 1
a: no special abilities


You were on level 2 of the Dungeon.
You visited 1 branch of the dungeon, and saw 2 of its levels.

You collected 88 gold pieces.

Inventory:

Hand Weapons
 a - a +0 mace (weapon)
Missiles
 e - 24 stones
 f - 2 javelins (quivered)
Armour
 h - a +0 chain mail (worn)
Scrolls
 j - a scroll of magic mapping
Potions
 c - a potion of ambrosia
 g - a potion of heal wounds


   Skills:
 + Level 4.0 Fighting
 + Level 4.8 Maces & Flails
 + Level 2.2 Armour
 - Level 3.6 Dodging
 - Level 1.4 Stealth


You had 3 spell levels left.
You didn't know any spells.
Your spell library contained the following spells:

 Spells                   Type           Power      Damage    Failure   Level
 Ensorcelled Hibernation  Hex/Ice        0%         N/A       100%        2
 Ignite Poison            Fire/Tmut/Pois 0%         N/A       100%        3
 Spider Form              Tmut/Pois      0%         N/A       100%        3
 Anguish                  Hex/Necr       0%         N/A       100%        4
 Sticky Flame             Conj/Fire      0%         2d3       100%        4


Dungeon Overview and Level Annotations

Branches:
Dungeon (2/15) Zot: 196

Altars:


Innate Abilities, Weirdness & Mutations

You passively map a small area around you.
You are easily found by Zot.
You glow in the dark.
You regain HP and MP as you explore.
Your body sometimes deteriorates upon taking damage.


Message History

You hit the gnoll.
The gnoll is heavily wounded.
The gnoll hits you with a +0 whip. The gnoll hits you with a +0 flail.
The gnoll hits you with a +0 flail!
It was a potion of haste.
You feel yourself speed up. The gnoll hits you with a +0 flail!
* * * LOW HITPOINT WARNING * * *
The gnoll hits you but does no damage. The gnoll completely misses you.
It was a potion of heal wounds.
You feel much better. The gnoll barely misses you.
The gnoll hits you but does no damage. The gnoll hits you with a +0 flail.
It was a potion of mutation.
You feel extremely strange.
You feel yourself wasting away.
Okay, then.
As you read the scroll labelled FOT JAFROTUARU, it crumbles to dust.
It is a scroll of identify.
j - a scroll of magic mapping The gnoll hits you with a +0 whip.
The gnoll hits you but does no damage. The gnoll barely misses you.
Okay, then.
You hit the gnoll.
The gnoll is almost dead.
The gnoll barely misses you. The gnoll hits you but does no damage.
The gnoll hits you with a +0 whip.
You are too injured to fight recklessly!
You don't know any spells.
Sorry, you're not good enough to have a special ability.
You completely miss the gnoll. The gnoll hits you with a +0 flail.
* * * LOW HITPOINT WARNING * * *
The gnoll hits you with a +0 flail!
* * * LOW HITPOINT WARNING * * *
Throw: 3 javelins
Press: ? - help, Q - select action, (/) - cycle Shift-Dir - straight line, f - gnoll
Aim: a gnoll, wielding a +0 flail (65% to hit)
You throw a javelin. The javelin pierces through the gnoll!
The gnoll is almost dead.
The gnoll hits you with a +0 flail.
* * * LOW HITPOINT WARNING * * *
The gnoll hits you with a +0 whip!
You die...

, * ,* #..# .# #
,* * #... ,.#.# *
#...###.#.* **
#........ ..
##.......#,... ,
..<......#... *
#...g..#.#, ,
*####(..g@...#,,,
* ........g...#.
#####.....#.#.. ,
* #####.....#....
* *
#.....$.........
*
,#.####....#.#.##
#.......#.# , *
#..####.#.# * *
#.......#.# ,,


You could see 3 gnolls.

Vanquished Creatures
  3 adders (D:2)
  A ball python (D:2)
  2 bats
  3 endoplasms (D:1)
  4 giant cockroaches
  A goblin (D:2)
  2 hobgoblins
  A quokka (D:2)
  7 frilled lizards (D:1)
  3 kobolds
  3 rats
30 creatures vanquished.

Notes
Turn   | Place    | Note
-------+----------+-------------------------------------------
     0 | D:1      | NinjaNoafa the Meteoran Monk began the quest for the Orb.
     0 | D:1      | Reached XP level 1. HP: 19/19 MP: 2/2
    87 | D:1      | Reached XP level 2. HP: 23/26 MP: 3/3
   173 | D:1      | Reached skill level 1 in Armour
   452 | D:1      | Reached XP level 3. HP: 30/31 MP: 4/4
   485 | D:1      | Glimpsed the power of Zot.
   535 | D:1      | Glimpsed the power of Zot.
   664 | D:2      | Reached XP level 4. HP: 40/40 MP: 5/5
   972 | D:2      | Gained mutation: Your body sometimes deteriorates upon
                  | taking damage. [potion of mutation]
   977 | D:2      | HP: 2/40 [gnoll/+0 flail (2)]
   977 | D:2      | Slain by a gnoll

Illustrated notes

Levels and vault maps discovered:
D:1:      minmay_arrival_radiant_lines, layout_basic,
          hellmonk_ecumenical_altar_leap_of_faith
D:2:      layout_basic, minmay_misc_feat_enclosed

Skill      XL: |  1  2  3  4 |
---------------+-------------+-----
Armour         | 1 2 |  2.2
Fighting       | 4 |  4.0
Maces & Flails | |  4.8
Dodging        | |  3.6
Stealth        | |  1.4

Action                   |  1- 3 |  4- 6 || total
-------------------------+-------+-------++-------
Melee: Mace              |    99 |    37 ||   136
       Punch             |     1 |       ||     1
Throw: Javelin           |     4 |     4 ||     8
  Use: Potion            |       |     3 ||     3
       Scroll            |       |     1 ||     1
 Stab: Distracted        |     1 |       ||     1
Armor: Robe              |    21 |       ||    21
       Chain mail        |    38 |    36 ||    74
Dodge: Dodged            |    66 |    17 ||    83

Table legend: (Time is in decaauts)
 A = Elapsed time spent in this place.
 B = Non-inter-level travel time spent in this place.
 C = Inter-level travel time spent in this place.
 D = Time resting spent in this place.
 E = Time spent auto-exploring this place.
 F = Levels seen in this place.
 G = Mean time per level.
                   A        B        C        D        E       F      G
               +--------+--------+--------+--------+--------+-----+--------+
         Total |   1002 |    953 |     49 |      0 |    546 |   2 |  501.0 |
       Dungeon |   1002 |    953 |     49 |      0 |    546 |   2 |  501.0 |
               +--------+--------+--------+--------+--------+-----+--------+

Top non-repeatable levels by time:
     D:1: 558 daAuts
     D:2: 444 daAuts
